 Dungeon Crawl Stone Soup version 0.32-a0-12-g7fc57aa741 (webtiles) character file.

Game seed: 13044984641060610555

130 tilp the Vexing (level 4, -3/32 HPs)
             Began as a Vampire Enchanter on Jan 14, 2024.
             Killed by nerve-wracking pain
             ... invoked by an orc priest
              (14 damage)
             ... on level 4 of the Dungeon.
             The game lasted 00:03:52 (2225 turns).

tilp the Vexing (Vampire Enchanter)                 Turns: 2225, Time: 00:03:53

Health: -3/32      AC:  5    Str:  7    XL:     4   Next: 89%
Magic:  1/7        EV: 12    Int: 19    God:
Gold:   141        SH:  0    Dex: 14    Spells: 2/7 levels left

rFire   . . .        a - +1 dagger (venom)
rCold   . . .        (no shield)
rNeg    . . .        k - +0 robe
rPois   .            l - +2 helmet
rElec   .            (no cloak)
rCorr   .            (no gloves)
SInv    +            (no boots)
Will    .....        (no amulet)
Stlth   +++          (no ring)
HPRegen 0.45/turn    (no ring)
MPRegen 0.10/turn

%: no passive effects
@: very slightly contaminated, healing quickly
A: alive, fangs 3, see invisible, vampiric 2
a: Exsanguinate


You were on level 4 of the Dungeon.
You visited 1 branch of the dungeon, and saw 4 of its levels.

You collected 141 gold pieces.

Inventory:

Hand Weapons
 a - a +1 dagger of venom (weapon)
 b - a +0 short sword of venom
 q - a +1 dagger
Missiles
 o - 3 poisoned darts (quivered)
Armour
 e - a +0 ring mail of cold resistance
 k - a +0 robe (worn)
 l - a +2 helmet (worn)
Scrolls
 j - a scroll of noise
 t - a scroll of vulnerability {unknown}
 u - a scroll of enchant weapon {unknown}
 v - a scroll of brand weapon {unknown}
Potions
 c - 2 potions of invisibility
 d - a potion of might
 f - a potion of cancellation
 h - a potion of attraction {unknown}
 i - a potion of degeneration {unknown}
 m - 3 potions of haste
 n - 2 potions of enlightenment
 r - 3 potions of curing {unknown}


   Skills:
 * Level 1.4 Fighting
 + Level 1.7(2.1) Short Blades
 * Level 1.5(1.9) Long Blades
 + Level 0.4 Throwing
 + Level 2.5 Dodging
 + Level 5.0 Stealth
 + Level 2.4 Spellcasting
 * Level 5.4 Hexes
 + Level 0.7 Ice Magic


You had 2 spell levels left.
You knew the following spells:

 Your Spells              Type           Power      Damage    Failure   Level
a - Ensorcelled Hibernat  Hex/Ice        26%        N/A       7%          2
b - Confusing Touch       Hex            22%        N/A       5%          3

Your spell library contained the following spells:

 Spells                   Type           Power      Damage    Failure   Level
 Tukima's Dance           Hex            22%        N/A       5%          3
 Dazzling Flash           Conj/Hex       24%        N/A       16%         3
 Mephitic Cloud           Conj/Alch/Air  2%         N/A       43%         3
 Silence                  Hex/Air        6%         N/A       83%         5
 Curse of Agony           Necr           2%         N/A       99%         5


Dungeon Overview and Level Annotations

Branches:
Dungeon (4/15)
 Temple: D:4-7

Altars:
Kikubaaqudgha
Qazlal

Annotations:
D:3 1 runed translucent door, makewrite's ghost, amateur GrFi


Innate Abilities, Weirdness & Mutations

Your natural rate of healing is accelerated.
You have razor-sharp teeth.
You have supernaturally acute eyesight. (SInv)
You are afflicted with vampirism and can become a bat while bloodless.


Message History

Confirm with . or Enter, or press ? or * to list all spells.
Aiming: Ensorcelled Hibernation (safe; 7% risk of failure)
Press: ? - help, Shift-Dir - straight line, f - orc priest
Aim: an orc priest, wielding a +0 short sword (chance to affect: 47%)
The orc priest resists with some effort.
The hobgoblin shouts!
An adder comes into view.
The orc priest invokes the aid of Beogh against you.
Beogh smites you!
* * * LOW HITPOINT WARNING * * *
The goblin hits you with a +0 dagger.
* * * LOW HITPOINT WARNING * * *
Unknown command.
The goblin unwields a +0 dagger.
The goblin wields a +0 sling.
The goblin shoots a sling bullet.
The sling bullet hits you but does no damage.
You hear an angry hiss.
Unknown command.
Casting: Ensorcelled Hibernation (safe; 7% risk of failure)
Confirm with . or Enter, or press ? or * to list all spells.
Aiming: Ensorcelled Hibernation (safe; 7% risk of failure)
Press: ? - help, Shift-Dir - straight line, f/p - orc priest
Aim: an orc priest, wielding a +0 short sword (chance to affect: 47%)
You miscast Ensorcelled Hibernation.
You are very lightly contaminated with residual magic.
Nothing appears to happen.
Unknown command.
Casting: Ensorcelled Hibernation (safe; 7% risk of failure)
Confirm with . or Enter, or press ? or * to list all spells.
Aiming: Ensorcelled Hibernation (safe; 7% risk of failure)
Press: ? - help, Shift-Dir - straight line, f/p - orc priest
Aim: an orc priest, wielding a +0 short sword (chance to affect: 47%)
The orc priest resists with some effort.
The orc priest closely misses you.
Unknown command.
You hit the orc priest but do no damage.
The orc priest is poisoned.
The orc priest calls down the wrath of Beogh upon you.
Pain shoots through your body!
You die...

....# #......####
..........###
#..<.....[..#### .
#......##......#
.. ..... ###.)<..#
...#....##.......#
.....#.#.....#..##
#....#@..######
#..S.o..##
....##.#..g.# .
##........
....#......
....###..... ...#
..... .... ...:.
.#


You could see an orc priest (very poisoned), an adder and a hobgoblin.

Vanquished Creatures
  2 orc wizards
  2 adders (D:3)
  2 dart slugs (D:1)
  2 ribbon worms
  An orc (D:4)
  4 bats
  5 endoplasms
  3 giant cockroaches
  4 goblins
  3 hobgoblins
  3 kobolds
  5 quokkas
  7 ball pythons
  A frilled lizard (D:1)
  6 rats
50 creatures vanquished.

Notes
Turn   | Place    | Note
-------+----------+-------------------------------------------
     0 | D:1      | tilp the Vampire Enchanter began the quest for the Orb.
     0 | D:1      | Reached XP level 1. HP: 13/13 MP: 3/3
   257 | D:1      | Reached XP level 2. HP: 20/20 MP: 5/5
   268 | D:1      | Learned a level 2 spell: Ensorcelled Hibernation
   833 | D:2      | Found a faded altar of an unknown god.
   848 | D:2      | Gained mutation: You are afflicted with vampirism and can
                  | become a bat while bloodless. [Vampire growth]
   848 | D:2      | Reached XP level 3. HP: 25/25 MP: 6/6
   861 | D:2      | Reached skill level 1 in Long Blades
   861 | D:2      | Reached skill level 5 in Hexes
   922 | D:2      | Found a stormy altar of Qazlal.
   973 | D:2      | Reached skill level 1 in Fighting
  1307 | D:2      | Learned a level 3 spell: Confusing Touch
  1484 | D:3      | Found a runed translucent door.
  1484 | D:3      | Noticed makewrite's ghost (amateur GrFi)
  1516 | D:3      | Reached XP level 4. HP: 32/32 MP: 0/7
  1849 | D:3      | Found an ancient bone altar of Kikubaaqudgha.
  2140 | D:3      | Reached skill level 5 in Stealth
  2225 | D:4      | Killed from afar by an orc priest

Illustrated notes

Levels and vault maps discovered:
D:1:      psy_arrival_fountain, layout_loops_ring, minmay_quantized
D:2:      layout_basic, basic_altar, basic_ecumenical_altar
D:3:      layout_basic, mainiacjoe_overflow_cross_hatched,
          hellmonk_ghost_happy_afterlife
D:4:      layout_cave_pools, mainiacjoe_overflow_small_starburst, serial_shops,
          nicolae_shop_tiny_glass, kennysheep_orc_chapel, uniq_natasha,
          uniq_crazy_yiuf_cottage

Skill      XL: |  1  2  3  4 |
---------------+-------------+-----
Long Blades    | 1 |  1.5
Hexes          | 5 |  5.4
Fighting       | 1 |  1.4
Stealth        | 5 |  5.0
Short Blades   | |  1.7
Throwing       | |  0.4
Dodging        | |  2.5
Spellcasting   | |  2.4
Ice Magic      | |  0.7

Action                     |  1- 3 |  4- 6 || total
---------------------------+-------+-------++-------
  Melee: Dagger            |    90 |    26 ||   116
         Bite              |     5 |     3 ||     8
   Cast: Ensorcelled Hiber |     4 |     8 ||    12
    Use: Scroll            |     7 |     4 ||    11
   Stab: Sleeping          |    21 |     5 ||    26
 Armour: Robe              |    36 |    17 ||    53
  Dodge: Dodged            |    37 |    13 ||    50

Table legend: (Time is in decaauts)
 A = Elapsed time spent in this place.
 B = Non-inter-level travel time spent in this place.
 C = Inter-level travel time spent in this place.
 D = Time resting spent in this place.
 E = Time spent auto-exploring this place.
 F = Levels seen in this place.
 G = Mean time per level.
                   A        B        C        D        E       F      G
               +--------+--------+--------+--------+--------+-----+--------+
         Total |   2216 |   2096 |    120 |     69 |   1586 |   4 |  554.0 |
       Dungeon |   2216 |   2096 |    120 |     69 |   1586 |   4 |  554.0 |
               +--------+--------+--------+--------+--------+-----+--------+

Top non-repeatable levels by time:
     D:1: 799 daAuts
     D:3: 783 daAuts
     D:2: 524 daAuts
     D:4: 109 daAuts
